 Dungeon Crawl Stone Soup version 0.27.1-3-gb3d3a73c9e (webtiles) character file.

Game seed: 7692312323727070867

27 Eitelfritz the Sneak (level 3, -1/19 HPs)
             Began as a Kobold Enchanter on Oct 12, 2021.
             Slain by a kobold (5 damage)
             ... on level 2 of the Dungeon.
             The game lasted 00:03:15 (896 turns).

Eitelfritz the Sneak (Kobold Enchanter)              Turns: 896, Time: 00:03:16

Health: -1/19      AC:  2    Str:  6    XL:     3   Next: 25%
Magic:  4/6        EV: 15    Int: 16    God:
Gold:   48         SH:  0    Dex: 15    Spells: 3/6 levels left

rFire    . . .     SeeInvis .   b - +2 short sword (venom)
rCold    . . .     Faith    .   (shield restricted)
rNeg     . . .     Spirit   .   c - +0 robe
rPois    .         Reflect  .   (no helmet)
rElec    .         Harm     .   (no cloak)
rCorr    .         Rampage  .   (no gloves)
Will     .....                  (no boots)
Stlth    ++++......             (no amulet)
HPRegen  0.06/turn              (no ring)
MPRegen  0.10/turn              (no ring)

@: no status effects
A: small, no large weapons, nightstalker 3
a: no special abilities


You were on level 2 of the Dungeon.
You visited 1 branch of the dungeon, and saw 2 of its levels.

You collected 48 gold pieces.

Inventory:

Hand Weapons
 a - a +1 dagger
 b - a +2 short sword of venom (weapon)
 h - a +0 short sword
Missiles
 e - 8 boomerangs
Armour
 c - a +0 robe (worn)
Jewellery
 d - a ring of fire
Potions
 f - 2 potions of curing {unknown}
 g - a potion of degeneration {unknown}


   Skills:
 + Level 1.8 Short Blades
 + Level 2.8 Dodging
 + Level 4.6 Stealth
 + Level 2.4 Spellcasting
 + Level 3.3 Hexes


You had 3 spell levels left.
You knew the following spells:

 Your Spells              Type           Power      Damage    Failure   Level
a - Corona                Hex            13%        N/A       4%          1
b - Ensorcelled Hibernat  Hex/Ice        14%        N/A       16%         2

Your spell library contained the following spells:

 Spells                   Type           Power      Damage    Failure   Level
 Confusing Touch          Hex            12%        N/A       16%         3
 Tukima's Dance           Hex            12%        N/A       16%         3
 Dazzling Flash           Conj/Hex       14%        N/A       30%         3


Dungeon Overview and Level Annotations

Branches:
Dungeon (2/15)

Altars:


Innate Abilities, Weirdness & Mutations

You are small and have problems with some larger weapons.
You are completely attuned to the shadows.


Message History

Adjust to which letter? (? for menu, Esc to quit)
b - a +2 short sword of venom;
h - a +0 short sword Your +2 short sword of venom begins to drip with poison!
b - a +2 short sword of venom (weapon)
Your +2 short sword of venom stops dripping with poison.
a - a +1 dagger (weapon)
You now have 48 gold pieces (gained 12).
There is a stone staircase leading up here.
A giant cockroach comes into view.
The kobold shouts!
You hit the kobold.
The kobold is moderately wounded.
The kobold closely misses you.
Casting: Ensorcelled Hibernation (safe; 16% risk of failure)
Confirm with . or Enter, or press ? or * to list all spells.
Aiming: Ensorcelled Hibernation (safe; 16% risk of failure)
Press: ? - help, Shift-Dir - straight line, f - kobold
Aim: a kobold, wielding a +0 short sword (moderately wounded, chance to affect: 56%)
The kobold resists with significant effort.
The kobold hits you with a +0 short sword.
You hit the kobold.
The kobold is severely wounded.
The giant cockroach bites you. The kobold misses you.
You hit the kobold but do no damage.
The kobold is severely wounded.
The giant cockroach closely misses you. The kobold closely misses you.
The giant cockroach barely misses you.
You barely miss the kobold.
The kobold is severely wounded.
The kobold hits you with a +0 short sword.
The giant cockroach completely misses you.
Your +2 short sword of venom begins to drip with poison!
b - a +2 short sword of venom (weapon)
The kobold hits you with a +0 short sword.
* * * LOW HITPOINT WARNING * * *
You closely miss the kobold.
The kobold is severely wounded.
The giant cockroach misses you.
The kobold hits you with a +0 short sword.
You die...

#.#..#
##.....#..##
#.#.##
##...........
#.#.#
##..<....†.##
###.#.#
#..........#
......#
#..........#
###...#
#.#........#
#...#
#.##.....#.#
##..#
#.###...K#.#
##..## #.
###@...#
###.....#
#...B....
......#.#
#.##....#
......... .
......
#..<.....
.....#
#.......#
####.....
####.####
.....#


You could see a giant cockroach and a kobold.

Vanquished Creatures
  An endoplasm (D:1)
  5 giant cockroaches (D:1)
  3 goblins
  3 hobgoblins (D:1)
  A quokka (D:1)
  3 ball pythons (D:1)
  2 bats (D:1)
  4 kobolds
  2 rats
24 creatures vanquished.

Notes
Turn   | Place    | Note
-------+----------+-------------------------------------------
     0 | D:1      | Eitelfritz the Kobold Enchanter began the quest for the
                  | Orb.
     0 | D:1      | Reached XP level 1. HP: 10/10 MP: 3/3
   120 | D:1      | Reached XP level 2. HP: 14/15 MP: 5/5
   127 | D:1      | Learned a level 2 spell: Ensorcelled Hibernation
   626 | D:1      | Reached XP level 3. HP: 19/19 MP: 6/6
   896 | D:2      | Slain by a kobold

Illustrated notes

Levels and vault maps discovered:
D:1:      psy_arrival_fountain, layout_rooms, corexii_corridor_pit,
          hangedman_decor_clover_reticule
D:2:      layout_loops_ring, dreamdust_ecumenical_altar_statues,
          uniq_crazy_yiuf_cottage

Action                   || total
-------------------------++-------
Melee: Short sword       ||    13
       Dagger            ||    31
 Cast: Ensorcelled Hiber ||     6
 Stab: Sleeping          ||    18
Armor: Robe              ||     5
Dodge: Dodged            ||    23
